 Dungeon Crawl Stone Soup version 0.23-a0-481-g60b89c1 (webtiles) character file.

971 XanderDroid the Ruffian (level 8, 0/94 HPs)
             Began as a Gnoll Wanderer on Nov 29, 2018.
             Succumbed to a worker ant's poison
             ... on level 4 of the Dungeon.
             The game lasted 00:17:39 (5880 turns).

XanderDroid the Ruffian (Gnoll Wanderer)            Turns: 5880, Time: 00:17:40

Health: 0/94       AC: 24    Str: 19    XL:     8   Next: 16%
Magic:  12/12      EV:  2    Int: 18    God:
Gold:   176        SH:  0    Dex: 14    Spells: 13/13 levels left

rFire    . . .     SeeInvis .   a - +2 short sword (freeze)
rCold    . . .     Gourm    .   (no shield)
rNeg     + + +     Faith    .   (armour currently unavailable)
rPois    +         Spirit   .   (helmet currently unavailable)
rElec    .         Reflect  .   (cloak currently unavailable)
rCorr    .         Harm     .   (gloves currently unavailable)
MR       .....     NoTele   +   (boots currently unavailable)
Stlth    +++.......             (no amulet)
HPRegen  0.25/turn              o - +5 ring of intelligence
MPRegen  0.13/turn              (no ring)

@: lethally poisoned (0 -> -8), tree-form, very slightly contaminated, invisible
A: distributed training, strong nose
a: no special abilities


You were on level 4 of the Dungeon.
You were not hungry.
You were a tree.
You visited 1 branch of the dungeon, and saw 5 of its levels.

You collected 176 gold pieces.

Inventory:

Hand Weapons
 a - a +2 short sword of freezing (weapon)
Missiles
 c - 5 javelins (quivered)
Armour
 b - a +1 helmet (melded)
 d - a +2 leather armour
 g - a +0 pair of gloves (melded)
 q - a cursed +0 scale mail (melded)
Jewellery
 o - a +5 ring of intelligence (left branch)
Wands
 m - a wand of digging (5)
Scrolls
 e - a scroll of teleportation {unknown}
 h - 2 scrolls of magic mapping
 j - 2 scrolls of identify
 l - a scroll of enchant weapon {unknown}
 n - a scroll of remove curse {unknown}
Potions
 k - 2 potions of lignification
 p - a potion of brilliance
Comestibles
 f - 5 rations
 r - a chunk of flesh


   Skills:
 + Level 5.5 Fighting
 + Level 3.0 Short Blades
 + Level 3.0 Long Blades
 + Level 3.0 Axes
 + Level 3.0 Maces & Flails
 + Level 3.0 Polearms
 + Level 3.0 Staves
 + Level 3.0 Slings
 + Level 3.0 Bows
 + Level 3.0 Crossbows
 + Level 3.0 Throwing
 + Level 3.0 Armour
 + Level 5.5 Dodging
 + Level 5.2 Stealth
 + Level 3.0 Shields
 + Level 7.2 Unarmed Combat
 + Level 3.0 Spellcasting
 + Level 2.4 Conjurations
 + Level 2.4 Hexes
 + Level 2.4 Charms
 + Level 2.4 Summonings
 + Level 2.4 Necromancy
 + Level 2.4 Translocations
 + Level 2.4 Transmutations
 + Level 2.4 Fire Magic
 + Level 2.4 Ice Magic
 + Level 2.4 Air Magic
 + Level 2.4 Earth Magic
 + Level 2.4 Poison Magic
 + Level 3.2 Invocations
 + Level 4.0 Evocations


You had 13 spell levels left.
You didn't know any spells.
Your spell library was empty.

Dungeon Overview and Level Annotations

Branches:
Dungeon (5/15)
 Temple: D:4-7

Altars:
Kikubaaqudgha


Innate Abilities, Weirdness & Mutations

Your experience applies equally to all skills.
((You have very sharp teeth.))
Your uncanny sense of smell can sniff out nearby items.


Message History

There is a stone staircase leading down here.
You fade into invisibility!
You feel sick. The worker ant bites you.
* * * LOW HITPOINT WARNING * * *
You are more poisoned.
The worker ant poisons you!
You are very lightly contaminated with residual magic.
You turn into a tree.
Your +1 helmet melds into your body.
Your +0 pair of gloves melds into your body.
Your cursed +0 scale mail melds into your body.
Your roots penetrate the ground.
* * * LOW HITPOINT WARNING * * *
You feel sick. The worker ant bites you.
* * * LOW HITPOINT WARNING * * *
You barely miss the worker ant.
* * * LOW HITPOINT WARNING * * *
You feel sick.
The worker ant bites you but does no damage.
You barely miss the worker ant.
You die...

.#.#.######.#.....########.......
.#.#.#....#....##.# #.#....#
.#.#.#.##.###..##.# #)#.....
.#.#.#.##.###..##.########.#....#
.#.#.#.)................##.#....#
..............###.#####.##.#.....
................#.#####÷##.#....#
##.#.####.....#+#.....#.##.#....#
...#.# ####.#..♣a....#.##.#....#
...#.#####...#........#.##.####.#
##.#.#.......#........#.##.# #.#
#.#.#'###+#+#........#.##.# #..
#.#.........[........#.##.# ###
#.#..................#.##.# #
#.#..................#.##.######
#.#..........#'#####...##.......
#.#..........#.#################


You could see a worker ant.

Vanquished Creatures
  Grinder (D:4)
  A centaur (D:4)
  2 scorpions
  2 vampire bats (D:2)
  2 hounds (D:4)
  A bullfrog skeleton (D:4)
  An orc priest (D:3)
  Jessica (D:3)
  Ijyb (D:3)
  2 orc wizards
  3 worker ants
  2 hound skeletons (D:4)
  Robin (D:3)
  5 adders
  2 oozes
  A worm (D:3)
  2 leopard geckos
  16 orcs
  3 bat skeletons (D:2)
  3 bat zombies (D:2)
  4 giant cockroaches
  18 goblins
  19 hobgoblins
  7 jackals
  2 quokkas
  6 bats
  4 frilled lizards
  6 kobolds
  A leopard gecko skeleton (D:4)
  A quokka skeleton (D:4)
  7 rats
127 creatures vanquished.

Notes
Turn   | Place    | Note
-------+----------+-------------------------------------------
     0 | D:1      | XanderDroid the Gnoll Wanderer began the quest for the Orb.
     0 | D:1      | XanderDroid set off with the following items: a +2 leather
                  | armour, 2 potions of curing, a +0 club, a +0 dagger, a
                  | ration
     0 | D:1      | Reached XP level 1. HP: 20/20 MP: 2/2
   390 | D:1      | Reached XP level 2. HP: 26/26 MP: 3/3
   909 | D:2      | Reached XP level 3. HP: 26/31 MP: 4/4
  1057 | D:2      | Reached skill level 1 in Invocations
  1206 | D:2      | Reached skill level 1 in Short Blades
  1206 | D:2      | Reached skill level 1 in Long Blades
  1206 | D:2      | Reached skill level 1 in Axes
  1206 | D:2      | Reached skill level 1 in Maces & Flails
  1206 | D:2      | Reached skill level 1 in Polearms
  1206 | D:2      | Reached skill level 1 in Staves
  1206 | D:2      | Reached skill level 1 in Slings
  1206 | D:2      | Reached skill level 1 in Bows
  1206 | D:2      | Reached skill level 1 in Crossbows
  1206 | D:2      | Reached skill level 1 in Throwing
  1206 | D:2      | Reached skill level 1 in Armour
  1206 | D:2      | Reached skill level 1 in Shields
  1206 | D:2      | Reached skill level 1 in Spellcasting
  1310 | D:2      | Reached XP level 4. HP: 38/38 MP: 6/6
  1325 | D:2      | Found an ancient bone altar of Kikubaaqudgha.
  1371 | D:2      | Reached skill level 1 in Conjurations
  1371 | D:2      | Reached skill level 1 in Hexes
  1371 | D:2      | Reached skill level 1 in Charms
  1371 | D:2      | Reached skill level 1 in Summonings
  1371 | D:2      | Reached skill level 1 in Necromancy
  1371 | D:2      | Reached skill level 1 in Translocations
  1371 | D:2      | Reached skill level 1 in Transmutations
  1371 | D:2      | Reached skill level 1 in Fire Magic
  1371 | D:2      | Reached skill level 1 in Ice Magic
  1371 | D:2      | Reached skill level 1 in Air Magic
  1371 | D:2      | Reached skill level 1 in Earth Magic
  1371 | D:2      | Reached skill level 1 in Poison Magic
  1383 | D:2      | Reached XP level 5. HP: 27/43 MP: 7/7
  1526 | D:2      | You fall through a shaft!
  1663 | D:3      | Noticed Robin
  1738 | D:3      | Killed Robin
  1928 | D:3      | Noticed Jessica
  1984 | D:3      | Killed Jessica
  2704 | D:3      | Noticed Ijyb
  2739 | D:3      | Reached XP level 6. HP: 50/50 MP: 8/8
  2957 | D:3      | Reached skill level 5 in Fighting
  2957 | D:3      | Reached skill level 5 in Dodging
  3261 | D:3      | Killed Ijyb
  3637 | D:4      | Noticed Grinder
  3905 | D:4      | Reached XP level 7. HP: 46/56 MP: 10/10
  4164 | D:4      | Killed Grinder
  4164 | D:4      | Reached skill level 7 in Unarmed Combat
  4663 | D:4      | Reached skill level 5 in Stealth
  5351 | D:4      | Reached XP level 8. HP: 60/63 MP: 12/12
  5804 | D:5      | Entered Level 5 of the Dungeon
  5878 | D:4      | HP: 2/94 [worker ant (4)]
  5880 | D:4      | Succumbed to a worker ant's poison

Vault maps used:
D:1:      arrival_zaba_pyramid, kennysheep_flooded_box
D:2:      kennysheep_vampire_church, first_ration
D:3:      kennysheep_generic_room_10, uniq_ijyb, uniq_robin, uniq_jessica
D:4:      uniq_grinder
D:5:      okawaru_metal_pillars_3, lightli_sewer_entry_pipes

Skill      XL: |  1  2  3  4  5  6  7  8 |
---------------+-------------------------+-----
Invocations    | 1 2 3 |  3.2
Short Blades   | 1 2 3 |  3.0
Long Blades    | 1 2 3 |  3.0
Axes           | 1 2 3 |  3.0
Maces & Flails | 1 2 3 |  3.0
Polearms       | 1 2 3 |  3.0
Staves         | 1 2 3 |  3.0
Slings         | 1 2 3 |  3.0
Bows           | 1 2 3 |  3.0
Crossbows      | 1 2 3 |  3.0
Throwing       | 1 2 3 |  3.0
Armour         | 1 2 3 |  3.0
Shields        | 1 2 3 |  3.0
Spellcasting   | 1 2 3 |  3.0
Conjurations   | 1 2 |  2.4
Hexes          | 1 2 |  2.4
Charms         | 1 2 |  2.4
Summonings     | 1 2 |  2.4
Necromancy     | 1 2 |  2.4
Translocations | 1 2 |  2.4
Transmutations | 1 2 |  2.4
Fire Magic     | 1 2 |  2.4
Ice Magic      | 1 2 |  2.4
Air Magic      | 1 2 |  2.4
Earth Magic    | 1 2 |  2.4
Poison Magic   | 1 2 |  2.4
Evocations     | 3 4 |  4.0
Fighting       | 5 |  5.5
Dodging        | 5 |  5.5
Unarmed Combat | 7 |  7.2
Stealth        | 5 |  5.2

Action                   |  1- 3 |  4- 6 |  7- 9 || total
-------------------------+-------+-------+-------++-------
Melee: Dagger            |    27 |   257 |    75 ||   359
       Short sword       |   109 |    45 |   114 ||   268
       Bite              |    14 |    35 |    19 ||    68
       Punch             |     8 |    12 |     6 ||    26
  Use: Potion            |       |     3 |     3 ||     6
       Scroll            |       |     3 |     2 ||     5
 Stab: Sleeping          |     6 |     1 |       ||     7
  Eat: Chunk             |     1 |     8 |     4 ||    13
       Ration            |       |     1 |       ||     1
Armor: Leather armour    |    47 |   135 |       ||   182
       Skin              |       |     7 |     5 ||    12
       Scale mail        |       |    16 |    56 ||    72
Dodge: Dodged            |   118 |   331 |   104 ||   553

Table legend:
 A = Non-vault XP
 B = Vault XP
 C = Vault XP percentage of total XP
 D = Non-vault monster count
 E = Vault monster count
 F = Vault count percentage of total count
                 A         B        C        D         E       F
            +---------+---------+-------+---------+---------+-------
      Total |     866 |     522 |  37.6 |     102 |      25 |  19.7
            +---------+---------+-------+---------+---------+-------
        D:1 |      19 |       0 |   0.0 |      11 |       0 |   0.0
        D:2 |     109 |     124 |  53.2 |      32 |       8 |  20.0
        D:3 |     199 |     112 |  36.0 |      29 |      16 |  35.6
        D:4 |     506 |     286 |  36.1 |      29 |       1 |   3.3
        D:5 |      33 |       0 |   0.0 |       1 |       0 |   0.0
            +---------+---------+-------+---------+---------+-------
